 Dungeon Crawl Stone Soup version 0.30.1-3-gfc49f6343a (webtiles) character file.

Game seed: 5472542238162747276

303 spardeous the Conjurer (level 5, -6/38 HPs)
             Began as a Demigod Conjurer on Aug 5, 2023.
             Mangled by a wyvern (9 damage)
             ... on level 4 of the Dungeon.
             The game lasted 00:02:35 (3530 turns).

spardeous the Conjurer (Demigod Conjurer)           Turns: 3530, Time: 00:02:35

Health: -6/38      AC:  2    Str:  8    XL:     5   Next: 91%
Magic:  5/14       EV: 17    Int: 24    God:
Gold:   163        SH:  5    Dex: 12    Spells: 9/12 levels left

rFire   . . .        (no weapon)
rCold   . . .        (no shield)
rNeg    . . .        a - +0 robe
rPois   .            (no helmet)
rElec   .            (no cloak)
rCorr   .            (no gloves)
SInv    .            (no boots)
Will    +....        i - amulet of reflection
Stlth   ++           h - +5 ring of evasion
HPRegen 0.26/turn    n - ring of willpower
MPRegen 0.14/turn

%: reflection
@: no status effects
A: high MP 1, forlorn, divine attributes
a: no special abilities


You were on level 4 of the Dungeon.
You visited 1 branch of the dungeon, and saw 4 of its levels.

You collected 163 gold pieces.

Inventory:

Armour
 a - a +0 robe (worn)
 q - a +0 chain mail
Jewellery
 h - a +5 ring of evasion (left hand)
 i - an amulet of reflection (around neck)
 n - a ring of willpower (right hand)
 t - a ring of resist corrosion
 x - a ring of see invisible
Scrolls
 e - a scroll of brand weapon {unknown}
 f - 3 scrolls of identify {unknown}
 j - a scroll of silence {unknown}
 k - a scroll of immolation {unknown}
 l - a scroll of fog {unknown}
 r - 2 scrolls of fear {unknown}
 s - a scroll of teleportation {unknown}
 v - a scroll of enchant weapon {unknown}
 w - a scroll of summoning {unknown}
Potions
 b - a potion of magic
 c - 3 potions of haste {unknown}
 d - 3 potions of might {unknown}
 g - a potion of cancellation {unknown}
 m - a potion of curing {unknown}
 o - a potion of attraction {unknown}
 p - a potion of brilliance {unknown}
 u - 2 potions of invisibility {unknown}


   Skills:
 - Level 1.7 Dodging
 - Level 1.7 Stealth
 + Level 4.0 Spellcasting
 + Level 5.4 Conjurations


You had 9 spell levels left.
You knew the following spells:

 Your Spells              Type           Power      Damage    Failure   Level
a - Magic Dart            Conj           100%       1d8       1%          1
b - Searing Ray           Conj           62%        2d6       1%          2

Your spell library contained the following spells:

 Spells                   Type           Power      Damage    Failure   Level
 Freeze                   Ice            16%        1d4       10%         1
 Slow                     Hex            16%        N/A       10%         1
 Dazzling Flash           Conj/Hex       34%        N/A       10%         3
 Hailstorm                Conj/Ice       17%        3d6       10%         3
 Confusing Touch          Hex            4%         N/A       28%         3
 Frozen Ramparts          Ice            8%         1d2       28%         3
 Vampiric Draining        Necr           4%         2d6       28%         3
 Fulminant Prism          Conj/Hex       8%         3d6       32%         4
 Iskenderun's Mystic Bla  Conj/Tloc      17%        2d5       32%         4


Dungeon Overview and Level Annotations

Branches:
Dungeon (4/15)
 Temple: D:4-7

Shops:
D:3 [

Annotations:
D:4 2 transporters


Innate Abilities, Weirdness & Mutations

You have an increased reservoir of magic. (+10% MP)
You shall have no god before yourself.
Your divine heritage dramatically boosts your attributes as you level up.


Message History

The wyvern is heavily wounded.
The wyvern bites you!
There are monsters nearby!
Casting: Magic Dart (safe; 1% risk of failure)
Confirm with . or Enter, or press ? or * to list all spells.
Aiming: Magic Dart (safe; 1% risk of failure)
Press: ? - help, Shift-Dir - straight line, f/p - wyvern
Aim: a wyvern (heavily wounded, 100% to hit)
The magic dart hits the wyvern but does no damage.
The wyvern is heavily wounded.
The wyvern barely misses you. The wyvern completely misses you.
You take 8 damage, and have 30/38 hp.
MASSIVE DAMAGE!!
You now have 9/14 mp.
Casting: Magic Dart (safe; 1% risk of failure)
Confirm with . or Enter, or press ? or * to list all spells.
Aiming: Searing Ray (safe; 1% risk of failure)
Press: ? - help, Shift-Dir - straight line, f/p - wyvern
Aim: a wyvern (heavily wounded, 79% to hit)
The searing ray hits the wyvern but does no damage.
The wyvern is heavily wounded. (Press . to maintain the ray.)
The wyvern bites you!
You take 9 damage, and have 21/38 hp.
MASSIVE DAMAGE!!
You now have 7/14 mp.
The searing ray hits the wyvern.
The wyvern is heavily wounded.
The wyvern bites you. The wyvern closely misses you.
The goblin hits you but does no damage.
You take 2 damage, and have 19/38 hp.
The searing ray misses the wyvern.
The wyvern barely misses you. The goblin hits you but does no damage.
You now have 6/14 mp.
The searing ray hits the wyvern but does no damage.
The wyvern is heavily wounded.
You finish channelling your searing ray.
The wyvern hisses menacingly.
The wyvern bites you!
* * * LOW HITPOINT WARNING * * *
The goblin hits you with a +0 dagger.
* * * LOW HITPOINT WARNING * * *
The wyvern bites you!
You die...

....<....#K##...
#.#.#
#####....#og....
#....#K##..
#....#o## ©
#....#g....
########....##8...
#........#...#####
#.######...#.....©
#@#####.#..
....†..lg........
.####.#.)#.##.##
....... .# .##
#.... .< w. ##.##.
.# . .# .# # .. .


You could see a wyvern, a gnoll bouda, an orc priest, a dart slug (asleep), an
orc, a hobgoblin, a goblin and a kobold.

Vanquished Creatures
  A phantom (D:4)
  A scorpion (D:3)
  2 hounds
  An iguana (D:4)
  An adder (D:2)
  3 worms
  A dart slug (D:4)
  8 orcs (D:4)
  3 ball pythons
  2 endoplasms
  4 giant cockroaches
  7 goblins
  5 hobgoblins
  A jackal (D:2)
  4 kobolds
  3 quokkas
  7 bats
  4 frilled lizards
  4 rats
62 creatures vanquished.

Notes
Turn   | Place    | Note
-------+----------+-------------------------------------------
     0 | D:1      | spardeous the Demigod Conjurer began the quest for the Orb.
     0 | D:1      | Reached XP level 1. HP: 14/14 MP: 5/5
   466 | D:1      | Reached XP level 2. HP: 20/20 MP: 2/7
   681 | D:1      | Reached skill level 4 in Conjurations
  1095 | D:1      | Learned a level 2 spell: Searing Ray
  1276 | D:2      | Reached XP level 3. HP: 24/26 MP: 3/9
  2054 | D:3      | Reached XP level 4. HP: 33/33 MP: 9/11
  2679 | D:3      | Found Caekicw's Antique Armour Shop.
  3023 | D:4      | Noticed a phantom
  3033 | D:4      | Killed a phantom
  3034 | D:4      | Reached skill level 5 in Conjurations
  3034 | D:4      | Reached XP level 5. HP: 38/38 MP: 4/13
  3454 | D:4      | Found a transporter.
  3511 | D:4      | Found a transporter.
  3521 | D:4      | Noticed a wyvern
  3530 | D:4      | Mangled by a wyvern

Illustrated notes

Levels and vault maps discovered:
D:1:      psy_arrival_spokes, layout_basic, minmay_indecisive_spiral
D:2:      minmay_alternating_diamond, layout_rooms
D:3:      cheibrodos_old_hovel, layout_basic, nzn_hepliaklqana_mist_gate,
          nicolae_overflow_ecumenical_swirl, serial_shops, shop
D:4:      layout_loops_cross, gammafunk_temple_overflow_arena, xom_butterflies,
          temple_statues, corner_web_ring

Skill      XL: |  1  2  3  4  5 |
---------------+----------------+-----
Spellcasting   | 2 3 4 |  4.0
Conjurations   | 4 5 |  5.4
Dodging        | |  1.7
Stealth        | |  1.7

Action                     |  1- 3 |  4- 6 || total
---------------------------+-------+-------++-------
   Cast: Magic Dart        |    75 |    60 ||   135
         Searing Ray       |     4 |     8 ||    12
 Armour: Robe              |     7 |     2 ||     9
  Dodge: Dodged            |     9 |    20 ||    29
  Block: Other             |       |     7 ||     7
